 Dungeon Crawl Stone Soup version 0.24.1-8-ga250c9d538 (webtiles) character file.

Game seed: 15905330779899104196, levelgen mode: deterministic

53 Hugehornet the Changer (level 3, -11/23 HPs)
             Began as an Octopode Transmuter on May 3, 2020.
             Killed by divine providence
             ... invoked by an orc priest
              (13 damage)
             ... on level 3 of the Dungeon.
             The game lasted 00:02:44 (1940 turns).

Hugehornet the Changer (Octopode Transmuter)        Turns: 1940, Time: 00:02:45

Health: -11/23     AC:  1    Str:  9    XL:     3   Next: 89%
Magic:  6/6        EV: 13    Int: 16    God:
Gold:   60         SH:  0    Dex: 12    Spells: 0/6 levels left

rFire    . . .     SeeInvis .     - Unarmed
rCold    . . .     Gourm    .   (no shield)
rNeg     . . .     Faith    .   (helmet restricted)
rPois    .         Spirit   .   (no amulet)
rElec    .         Reflect  .   (no ring)
rCorr    .         Harm     .   (no ring)
MR       .....                  (no ring)
Stlth    ++........             (no ring)
HPRegen  0.07/turn              (no ring)
MPRegen  0.10/turn              (no ring)
                                (no ring)
                                (no ring)

@: lightly drained
A: almost no armour, stealthy swim, amphibious, 8 rings, constrict 8, camouflage
1, gelatinous body 1
a: no special abilities


You were on level 3 of the Dungeon.
You were not hungry.

You visited 1 branch of the dungeon, and saw 3 of its levels.

You collected 60 gold pieces.

Inventory:

Missiles
 a - 54 arrows
Scrolls
 e - a scroll of teleportation {unknown}
 g - a scroll of enchant armour {unknown}
 i - 2 scrolls of fear {unknown}
 j - a scroll of remove curse {unknown}
 k - 5 scrolls of identify {unknown}
Potions
 b - a potion of resistance {unknown}
 d - a potion of might {unknown}
 f - a potion of haste {unknown}
 h - a potion of ambrosia {unknown}
 m - a potion of flight {unknown}
Comestibles
 c - 5 rations
 l - a chunk of flesh


   Skills:
 - Level 1.0(0.8) Fighting
 - Level 2.0(1.8) Dodging
 * Level 3.2(3.1) Unarmed Combat
 - Level 2.0(1.8) Spellcasting
 * Level 3.7(3.5) Transmutations
 + Level 0.7(0.5) Poison Magic


You couldn't memorise any spells.
You knew the following spells:

 Your Spells              Type           Power        Failure   Level  Hunger
a - Beastly Appendage     Tmut           ##....       4%          1    ##.....
b - Sticks to Snakes      Tmut           ##......     8%          2    ###....
c - Spider Form           Tmut/Pois      #.........   26%         3    ####...

Your spell library contained the following spells:

 Spells                   Type           Power        Failure   Level  Hunger
 Ice Form                 Ice/Tmut       #.......     69%         4    #####..
 Blade Hands              Tmut           ##........   80%         5    ######.


Dungeon Overview and Level Annotations

Branches:
Dungeon (3/15)

Altars:


Innate Abilities, Weirdness & Mutations

You cannot wear most types of armour.
You are very stealthy in the water. (Stealth+)
You are amphibious.
You can wear up to eight rings at the same time.
You can use your tentacles to constrict eight enemies at once.
Your skin changes colour to match your surroundings (Stealth+).
Your rubbery body absorbs attacks. (AC +1, EV +1)


Message History

Your transformation is almost over.
Your tentacle spike disappears.
An orc, an orc priest and an orc wizard come into view.
The orc priest shouts!
You hear a shout!
A quokka comes into view.
The orc wizard points at you and mumbles some strange words.
The magic dart hits you!
The orc priest invokes the aid of Beogh against you.
Beogh smites you!
* * * LOW HITPOINT WARNING * * *
The orc moves out of view.
An orc comes into view. It is wielding a +0 dagger.
The orc moves out of view.
The quokka bites you.
* * * LOW HITPOINT WARNING * * *
An orc comes into view. It is wielding a +0 whip.
The orc priest mumbles some strange prayers to Beogh against you.
Beogh smites you!
Ouch! That really hurt!
You die...

#.. #.......#
#..####.##.#..#
##.........###.#
.........##.#..#
#..#..........#
#....#.#..###.#
#........†# #.#
#..#.#.#..###.#
#.<...@r...o..#
#...#.)....##.#
#.#.###...###.#
#.#. ##o## #.#
.... #.# #o#
.....##.####.#
.......o.....#
....##.###### .
#......#


You could see an orc priest, an orc and a quokka.

Vanquished Creatures
  An adder (D:2)
  A worm (D:3)
  A dart slug (D:2)
  3 leopard geckos
  An orc (D:2)
  2 giant cockroaches (D:2)
  3 hobgoblins
  5 jackals
  2 kobolds (D:2)
  7 bats
  2 frilled lizards
  4 goblins
  2 rats
34 creatures vanquished.

Notes
Turn   | Place    | Note
-------+----------+-------------------------------------------
     0 | D:1      | Hugehornet the Octopode Transmuter began the quest for the
                  | Orb.
     0 | D:1      | Reached XP level 1. HP: 13/13 MP: 3/3
   215 | D:1      | Reached XP level 2. HP: 7/18 MP: 3/5
   219 | D:1      | Learned a level 2 spell: Sticks to Snakes
  1014 | D:2      | Reached XP level 3. HP: 21/23 MP: 6/6
  1020 | D:2      | Learned a level 3 spell: Spider Form
  1940 | D:3      | Killed from afar by an orc priest

Levels and vault maps discovered:
D:1:      roderic_dead_forest, layout_loops_cross,
          chequers_serial_rivers_micro_e
D:2:      layout_loops_corners, first_ration, kennysheep_boxes
D:3:      layout_loops_ring, serial_glass, glass_columns_a, glass_columns_a,
          uniq_terence, uniq_natasha

Skill      XL: |  1  2 |
---------------+-------+-----
Transmutations | 3 |  3.7
Fighting       | |  1.0
Dodging        | |  2.0
Unarmed Combat | |  3.2
Spellcasting   | |  2.0
Poison Magic   | |  0.7

Action                   || total
-------------------------++-------
Melee: Unarmed           ||    69
       Constrict         ||    24
       Tentacles         ||    11
       Kick              ||    20
       Punch             ||     1
 Cast: Beastly Appendage ||    28
 Stab: Sleeping          ||     6
  Eat: Chunk             ||     4
Armor: Skin              ||     1
Dodge: Dodged            ||    53
